 Dungeon Crawl Stone Soup version 0.28.0-53-g5a82cb258f (webtiles) character file.

Game seed: 5777918786934865610

39 Icepheonix32 the Ruffian (level 3, -2/28 HPs)
             Began as a Draconian Transmuter on June 6, 2022.
             Slain by a gnoll
             ... wielding a +0 halberd
              (8 damage)
             ... on level 2 of the Dungeon.
             The game lasted 00:02:02 (1317 turns).

Icepheonix32 the Ruffian (Draconian Transmuter)     Turns: 1317, Time: 00:02:02

Health: -2/28      AC:  5    Str: 12    XL:     3   Next: 26%
Magic:  3/6        EV: 12    Int: 15    God:
Gold:   14         SH:  0    Dex: 11    Spells: 3/6 levels left

rFire   . . .      SeeInvis .     - Unarmed
rCold   . . .      Faith    .   (no shield)
rNeg    . . .      Spirit   .   (armour unavailable)
rPois   .          Reflect  .   (helmet currently unavailable)
rElec   .          Harm     .   (no cloak)
rCorr   .          Rampage  .   (no gloves)
Will    .....                   (boots currently unavailable)
Stlth   +.........              (no amulet)
HPRegen 0.09/turn               (no ring)
MPRegen 0.10/turn               (no ring)

@: appendages, wereblooded
A: horns 2, talons 2, AC +5, unfitting armour, cold-blooded
a: End Transformation


You were on level 2 of the Dungeon.
You had temporarily grown beastly horns and talons.
You visited 1 branch of the dungeon, and saw 2 of its levels.

You collected 14 gold pieces.

Inventory:

Hand Weapons
 d - a +0 dagger of holy wrath
Missiles
 a - a throwing net
 b - 2 poisoned darts
Scrolls
 e - a scroll of blinking {unknown}
Potions
 c - a potion of heal wounds {unknown}


   Skills:
 - Level 1.1 Fighting
 - Level 1.7 Dodging
 + Level 3.8 Unarmed Combat
 - Level 2.0 Spellcasting
 * Level 2.9 Transmutations


You had 3 spell levels left.
You knew the following spells:

 Your Spells              Type           Power      Damage    Failure   Level
a - Beastly Appendage     Tmut           20%        N/A       7%          1
b - Wereblood             Tmut           10%        N/A       11%         2

Your spell library contained the following spells:

 Spells                   Type           Power      Damage    Failure   Level
 Sting                    Tmut/Pois      20%        1d4       12%         1
 Poisonous Vapours        Pois/Air       2%         N/A       32%         2
 Spider Form              Tmut/Pois      5%         N/A       36%         3
 Ice Form                 Ice/Tmut       5%         N/A       77%         4
 Olgreb's Toxic Radiance  Pois           1%         N/A       91%         4


Dungeon Overview and Level Annotations

Branches:
Dungeon (2/15)

Altars:
Kikubaaqudgha


Innate Abilities, Weirdness & Mutations

You have temporarily grown beastly horns and talons.
Your plain brown scales are hard. (AC +5)
You cannot fit into any form of body armour.
You are cold-blooded and may be slowed by cold attacks.


Message History

Found an ancient bone altar of Kikubaaqudgha.
A bat is nearby!
You grow a pair of large bovine horns.
Your feet morph into talons.
Your transformation is almost over.
You hit the bat.
You kill the bat!
No target in view!
No target in view!
Your horns disappear.
Your talons disappear.
There is an ancient bone altar of Kikubaaqudgha here.
A gnoll comes into view. It is wielding a +0 flail.
The gnoll shouts!
A gnoll comes into view.
It is wielding a +2 flail of protection.
A gnoll comes into view. It is wielding a +0 halberd.
There are monsters nearby!
There are monsters nearby!
The gnoll shouts!
You grow a pair of large bovine horns.
Your feet morph into talons.
A quokka comes into view.
Casting: Beastly Appendage (safe; 7% risk of failure)
Confirm with . or Enter, or press ? or * to list all spells.
Your blood is infused with primal strength.
The gnoll closely misses you. x2
You closely miss the gnoll. Your kick misses the gnoll.
The gnoll hits you with a +0 flail.
The gnoll hits you from afar with a +0 halberd!
You closely miss the gnoll. You claw the gnoll.
The gnoll is moderately wounded.
The gnoll barely misses you. x2
You hit the gnoll but do no damage. Your kick misses the gnoll.
You headbutt the gnoll, but do no damage.
The gnoll is moderately wounded.
The gnoll hits you with a +0 flail.
The gnoll hits you from afar with a +0 halberd.
* * * LOW HITPOINT WARNING * * *
You closely miss the gnoll.
Your tail-slap misses the gnoll.
The gnoll is moderately wounded.
The gnoll hits you but does no damage.
The gnoll hits you from afar with a +0 halberd!
You die...

####+#####
#........#
#........#####..#
#........@gggr..#
#........#####...
#..(.....# ######
#.....)..# .....#
#..._....# .....#
#....†...# .....#
##......## .....#
#..#####
.....####.######


You could see 3 gnolls and a quokka.

Vanquished Creatures
  A dart slug (D:1)
  2 endoplasms
  A giant cockroach (D:1)
  2 goblins (D:1)
  4 hobgoblins
  4 jackals (D:1)
  2 quokkas (D:1)
  2 ball pythons (D:1)
  5 bats
  8 frilled lizards (D:1)
  3 kobolds
  2 rats (D:1)
36 creatures vanquished.

Notes
Turn   | Place    | Note
-------+----------+-------------------------------------------
     0 | D:1      | Icepheonix32 the Draconian Transmuter began the quest for
                  | the Orb.
     0 | D:1      | Reached XP level 1. HP: 16/16 MP: 3/3
   235 | D:1      | Reached XP level 2. HP: 21/23 MP: 3/5
   255 | D:1      | Learned a level 2 spell: Wereblood
   549 | D:1      | Found a faded altar of an unknown god.
   790 | D:1      | Reached XP level 3. HP: 16/28 MP: 2/6
  1291 | D:2      | Found an ancient bone altar of Kikubaaqudgha.
  1317 | D:2      | Slain by a gnoll

Illustrated notes

Levels and vault maps discovered:
D:1:      dpeg_chamrin_arrival_tetris, layout_basic, basic_ecumenical_altar,
          minmay_lizard_pond
D:2:      layout_basic, basic_altar, corexii_hall_statues_s, minmay_distorted

Action                   || total
-------------------------++-------
Melee: Unarmed           ||    83
       Kick              ||    19
       Headbutt          ||     7
       Tailslap          ||     4
       Punch             ||     1
 Cast: Beastly Appendage ||    20
       Wereblood         ||     2
Armor: Skin              ||    38
Dodge: Dodged            ||    89
